 Dungeon Crawl Stone Soup version 0.29.1-1-gd02db6906a (webtiles) character file.

Game seed: 6414308939680404329

83 Sanktem7 the Trooper (level 4, -2/42 HPs)
             Began as a Minotaur Fighter on Oct 1, 2022.
             Slain by an ogre
             ... wielding a +0 giant club
              (16 damage)
             ... on level 2 of the Dungeon.
             The game lasted 00:03:05 (1328 turns).

Sanktem7 the Trooper (Minotaur Fighter)             Turns: 1328, Time: 00:03:05

Health: -2/42      AC:  8    Str: 22    XL:     4   Next: 22%
Magic:  3/3        EV:  9    Int:  5    God:
Gold:   141        SH:  4    Dex: 10    Spells: 3/3 levels left

rFire   . . .      SeeInvis .   w - +4 hand axe (elec) {axe}
rCold   . . .      Faith    .   c - +0 buckler
rNeg    . . .      Spirit   .   b - +0 scale mail
rPois   .          Reflect  .   (helmet restricted)
rElec   .          Harm     .   (no cloak)
rCorr   .          Rampage  .   o - +0 pair of gloves
Will    .....                   (no boots)
Stlth   ..........              t - amulet of magic regeneration {@e2}
HPRegen 0.14/turn               (no ring)
MPRegen 0.48/turn               (no ring)

@: no status effects
A: horns 2, retaliatory headbutt
a: no special abilities


You were on level 2 of the Dungeon.
You visited 1 branch of the dungeon, and saw 2 of its levels.

You collected 141 gold pieces.


Innate Abilities, Weirdness & Mutations

You have a pair of horns on your head.
You reflexively headbutt those who attack you in melee.


   Skills:
 * Level 5.0 Fighting
 * Level 4.2 Axes
 - Level 3.6 Armour
 - Level 3.6 Shields


You had 3 spell levels left.
You didn't know any spells.
Your spell library contained the following spells:

 Spells                   Type           Power      Damage    Failure   Level
 Animate Armour           Summ/Erth      0%         N/A       100%        4
 Blade Hands              Tmut           0%         N/A       100%        5
 Iron Shot                Conj/Erth      0%         9d1       100%        6

Inventory:

Hand Weapons
 w - a +4 hand axe of electrocution (weapon) {axe}
   (You took it off Terence on level 2 of the Dungeon)
Missiles
 a - 2 poisoned darts {throwing}
 e - 4 atropa-tipped darts (quivered) {throwing}
 g - 13 stones {throwing}
Armour
 b - a +0 scale mail (worn)
 c - a +0 buckler (worn)
 i - a +0 ring mail
   (You found it on level 2 of the Dungeon)
 m - the +1 robe of Lytoo {rF+ SInv}
   (You found it on level 2 of the Dungeon)

   rF:        It protects you from fire.
   SInv:      It lets you see invisible.
 o - a +0 pair of gloves (worn)
   (You found it on level 1 of the Dungeon)
Jewellery
 t - an amulet of magic regeneration (around neck) {@e2}
   (You found it on level 2 of the Dungeon)
Wands
 y - a wand of flame (13)
   (You took it off Terence on level 2 of the Dungeon)
Scrolls
 j - a scroll of teleportation {unknown}
 l - 2 scrolls of butterflies {unknown}
 n - 2 scrolls of identify {unknown}
 r - a scroll of vulnerability {unknown}
 s - a scroll of magic mapping {unknown}
Potions
 d - a potion of might
 f - a potion of brilliance {unknown}
 h - a potion of curing {unknown}
 k - a potion of flight {unknown}
 p - 3 potions of haste {unknown}
 q - a potion of berserk rage {unknown}

Dungeon Overview and Level Annotations

Branches:
Dungeon (2/15) Zot: 10649

Altars:
Makhleb

#. ###..###### ..........##
####.......# ...#.#.##..# ######
##.#.#.##..###########.......####
...#.#.##.......@....#...........
...#.#.##.####.#.O..............#
.#...#.##.####.##....#####......#
.#.......................+..>....
...#....#.####.###.#..#.##.....†#
#########+####.#.#.##.#.###.....#
.............#.#..........#..##..
#######......#.#.#.###...........
#...)...#.#.#.# ##.#........


You could see an ogre.


Message History

You completely miss the ball python. The ball python closely misses you.
The ball python completely misses you.
You closely miss the ball python.
The ball python bites you but does no damage.
The ball python grabs you. The ball python constricts you.
You slash the ball python!
You kill the ball python!
No target in view!
There is an open door here.
You see here a ball python corpse.
A worm comes into view.
A worm is nearby!
A worm is nearby!
An endoplasm comes into view.
The endoplasm quivers.
The worm closely misses you.
You hit the worm. Your headbutt misses the worm. You slash the worm!
You headbutt the worm.
You kill the worm!
You see here a worm corpse.
Found an escape hatch in the floor.
The endoplasm freezes you.
You are frozen. 😕 HP[-3]
You take 3 damage, and now have 39/42 hp.
You slash the endoplasm!
You kill the endoplasm!
No target in view!
No target in view!
No target in view!
No target in view!
No target in view!
No target in view!
No target in view!
No target in view!
No target in view!
No target in view!
No target in view!
No target in view!
No target in view!
No target in view!
l - 2 scrolls labelled NAZAOXZEIPP (gained 1)
Found a burning altar of Makhleb. 😎 HP[+3]
Your hp is fully restored (42).
A frilled lizard comes into view.
The frilled lizard hisses angrily.
You block the frilled lizard's attack.
You closely miss the frilled lizard. You headbutt the frilled lizard.
You kill the frilled lizard!
No target in view!
No target in view!
No target in view!
No target in view!
No target in view!
No target in view!
No target in view!
No target in view!
No target in view!
No target in view!
No target in view!
No target in view!
No target in view!
No target in view!
No target in view!
No target in view!
No target in view!
No target in view!
No target in view!
No target in view!
No target in view!
No target in view!
a - 2 poisoned darts {throwing}
i - a +0 ring mail You now have 137 gold pieces (gained 11).
g - 13 stones {throwing} (gained 3)
You now have 141 gold pieces (gained 4).
m - the +1 robe of Lytoo {rF+ SInv} You open the door.
You see here a frilled lizard corpse.
There is an escape hatch in the floor here.
You see here a worm corpse.
There is an open door here.
You see here a ball python corpse.
Key pressed, stopping explore.
An ogre comes into view. It is wielding a +0 giant club.
The ogre shouts!
An ogre is nearby!
The ogre hits you with a +0 giant club!!
Ouch! That really hurt!
* * * LOW HITPOINT WARNING * * *
😨 HP[-30]
You take 30 damage, and now have 12/42 hp.
MASSIVE DAMAGE!! (PAUSE) 😨 HP[+1] 😨 HP[+1]
You block the ogre's attack. The ogre attacks as you move away!
The ogre hits you with a +0 giant club!
You die...

Skill      XL: |  1  2  3 |
---------------+----------+-----
Fighting       | 4 5 |  5.0
Axes           | 3 4 |  4.2
Armour         | |  3.6
Shields        | |  3.6

Action                   |  1- 3 |  4- 6 || total
-------------------------+-------+-------++-------
Melee: War axe           |    58 |       ||    58
       Headbutt          |     3 |     2 ||     5
       Hand axe          |       |     7 ||     7
Armor: Scale mail        |    19 |     1 ||    20
Dodge: Dodged            |    34 |     3 ||    37
Block: Buckler           |    12 |     2 ||    14

Levels and vault maps discovered:
D:1:      dpeg_arrival_long_road, layout_rooms,
          shapermc_ecumenical_altar_mp_urbaneastern
D:2:      layout_basic, basic_altar, uniq_terence

Notes
Turn   | Place    | Note
-------+----------+-------------------------------------------
     0 | D:1      | Sanktem7 the Minotaur Fighter began the quest for the Orb.
     0 | D:1      | Reached XP level 1. HP: 19/19 MP: 0/0
     0 | D:1      | magus.rc [v1.9.6]
    44 | D:1      | Found a faded altar of an unknown god.
   138 | D:1      | Reached skill level 4 in Fighting
   184 | D:1      | Reached skill level 3 in Axes
   184 | D:1      | Reached XP level 2. HP: 23/27 MP: 1/1
   734 | D:2      | Reached XP level 3. HP: 34/34 MP: 2/2
   918 | D:2      | Noticed Terence
   935 | D:2      | Killed Terence
   936 | D:2      | Reached skill level 5 in Fighting
   936 | D:2      | Reached skill level 4 in Axes
   936 | D:2      | Reached XP level 4. HP: 14/42 MP: 3/3
  1139 | D:2      | You pick up a book of Iron and begin reading...
  1139 | D:2      | You add the spells Animate Armour, Blade Hands and Iron
                  | Shot to your library.
  1219 | D:2      | Found a burning altar of Makhleb.
  1249 | D:2      | Identified the +1 robe of Lytoo {rF+ SInv}
  1313 | D:2      | Noticed an ogre
  1328 | D:2      | Slain by an ogre

Vanquished Creatures
  Terence (D:2)
  2 adders (D:2)
  A worm (D:2)
  2 ball pythons (D:2)
  2 endoplasms
  A giant cockroach (D:2)
  3 goblins (D:1)
  3 hobgoblins (D:1)
  7 jackals (D:2)
  2 bats
  2 frilled lizards
  7 kobolds
  A rat (D:1)
34 creatures vanquished.

Vanquished Creatures (others)
  3 plants (D:1)
3 creatures vanquished.

Grand Total: 37 creatures vanquished

Table legend:
 A = Non-vault XP
 B = Vault XP
 C = Vault XP percentage of total XP
 D = Non-vault monster count
 E = Vault monster count
 F = Vault count percentage of total count
                 A         B        C        D         E       F
            +---------+---------+-------+---------+---------+-------
      Total |      81 |      38 |  31.9 |      33 |       1 |   2.9
            +---------+---------+-------+---------+---------+-------
        D:1 |      24 |       0 |   0.0 |      15 |       0 |   0.0
        D:2 |      57 |      38 |  40.0 |      18 |       1 |   5.3
            +---------+---------+-------+---------+---------+-------

Illustrated notes

Table legend:
 A = Kills in this place as a percentage of kills in entire the game.
 B = Kills by you in this place as a percentage of kills by you in the entire game.
 C = Kills by friends in this place as a percentage of kills by friends in the entire game.
 D = Other kills in this place as a percentage of other kills in the entire game.
 E = Experience gained in this place as a percentage of experience gained in the entire game.
 F = Experience gained in this place divided by the number of levels of this place that you have seen.
                   A       B       C       D       E      F
               +-------+-------+-------+-------+-------+----------------------
         Total | 100.0 | 100.0 |   N/A |   N/A | 100.0 |  59.5
       Dungeon | 100.0 | 100.0 |   N/A |   N/A | 100.0 |  59.5
               +-------+-------+-------+-------+-------+----------------------

Table legend: (Time is in decaauts)
 A = Elapsed time spent in this place.
 B = Non-inter-level travel time spent in this place.
 C = Inter-level travel time spent in this place.
 D = Time resting spent in this place.
 E = Time spent auto-exploring this place.
 F = Levels seen in this place.
 G = Mean time per level.
                   A        B        C        D        E       F      G
               +--------+--------+--------+--------+--------+-----+--------+
         Total |   1350 |   1317 |     33 |      0 |   1099 |   2 |  675.0 |
       Dungeon |   1350 |   1317 |     33 |      0 |   1099 |   2 |  675.0 |
               +--------+--------+--------+--------+--------+-----+--------+

Top non-repeatable levels by time:
     D:2: 728 daAuts
     D:1: 621 daAuts
